 Dungeon Crawl Stone Soup version 0.32-a0-630-g46d191b0ed (webtiles) character file.

Game seed: 18045412019048593408

384397 Esekla the Eclecticist (level 22, -3/155 HPs)
             Began as an Octopode Delver on Feb 29, 2024.
             Was an Initiate of Gozag.
             Killed from afar by an ancient champion (64 damage)
             ... with an iron shot
             ... on level 3 of the Crypt on Mar 6, 2024.
             The game lasted 09:11:26 (57836 turns).

Esekla the Eclecticist (Octopode Delver)           Turns: 57836, Time: 09:11:26

Health: -3/155     AC: 29    Str: 14    XL:     22   Next: 96%
Magic:  35/50      EV: 30    Int: 31    God:    Gozag
Gold:   8402       SH: 18    Dex: 27    Spells: 4/58 levels left

rFire   + + .        c - +6 Majin-Bo {spellvamp, MP+6 Int+6}
rCold   + + +        d - +2 kite shield {rC+ rF+}
rNeg    + . .        U - -2 hat of the Alchemist {rElec rPois rF+ rC+ rN+ Will+ rMut rCorr}
rPois   +            W - amulet "Heusealemi" {rC+ RegenMP+ rCorr}
rElec   +            Q - +4 ring of protection
rCorr   +            S - ring of Jecexoi {Dex+6 Slay+5}
SInv    +            l - +4 ring of slaying
Will    ++...        Z - ring of Vinkum {rPois Str+3 Int+3}
Stlth   ++++++++     n - +6 ring of dexterity
HPRegen 0.45/turn    T - ring of the Tortoise {AC+8}
MPRegen 0.72/turn    P - +4 ring of protection
                     D - ring of the Octopus King {HP+2 AC+2 EV+2 SH+2 SInv}

%: resist mutation
@: ice-armoured, gold aura, slightly contaminated, studying 3 skills
A: almost no armour, amphibious, 8 rings, camouflage 1, gelatinous body 1,
(nimble swimmer 1), tentacles, sense surroundings 1, wild magic 1
}: 2/15 runes: serpentine, barnacled
a: Renounce Religion, Potion Petition, Call Merchant, Bribe Branch


You were on level 3 of the Crypt.
You worshipped Gozag.
Gozag was greatly pleased with you.
You visited 8 branches of the dungeon, and saw 38 of its levels.
You also visited: Gauntlet, Ice Cave and Wizlab.

You collected 21721 gold pieces.
You spent 10046 gold pieces at shops.
You paid 3273 gold pieces to Gozag.

Inventory:

Hand Weapons
 c - the +6 Majin-Bo (weapon) {spellvamp, MP+6 Int+6}
   (You acquired it on level 13 of the Dungeon)

   Int+6:     It affects your intelligence (+6).
   MP+6:      It affects your magic capacity (+6).
 e - a +3 scimitar of electrocution
 f - a +5 long sword of flaming
 r - a +5 trident of freezing
 s - the +8 rapier of Pistrast {pain, Will+ Dex+2}
   (You found it in a Gauntlet)

   Dex+2:     It affects your dexterity (+2).
   Will+:     It increases your willpower.
 w - a +3 long sword of holy wrath
 x - a +1 vampiric long sword
Missiles
 j - 12 curare-tipped darts
 m - 18 boomerangs (quivered)
 u - 12 poisoned darts
 A - 23 silver javelins
Armour
 d - a +2 kite shield of resistance (worn)
 U - the -2 hat of the Alchemist (worn) {rElec rPois rF+ rC+ rN+ Will+ rMut rCorr}
   (You found it in a wizard's laboratory)

   rF+:       It protects you from fire.
   rC+:       It protects you from cold.
   rElec:     It insulates you from electricity.
   rPois:     It protects you from poison.
   rN+:       It protects you from negative energy.
   Will+:     It increases your willpower.
   rCorr:     It protects you from acid and corrosion.
   rMut:      It protects you from mutation.
Jewellery
 l - a +4 ring of slaying (on tentacle)
 n - a +6 ring of dexterity (on tentacle)
 p - an amulet of reflection
 D - a ring of the Octopus King (on tentacle) {HP+2 AC+2 EV+2 SH+2 SInv}
   (You bought it in a shop on level 6 of the Dungeon)

   [ring of see invisible]

   AC+2:      It affects your AC (+2).
   EV+2:      It affects your evasion (+2).
   HP+2:      It affects your health (+2).
   SInv:      It lets you see invisible.
   SH+2:      It affects your SH (+2).
 O - a ring of protection from fire
 P - a +4 ring of protection (on tentacle)
 Q - a +4 ring of protection (left tentacle)
 S - the ring of Jecexoi (right tentacle) {Dex+6 Slay+5}
   (You bought it in a shop on level 6 of the Dungeon)

   [ring of dexterity]

   Dex+6:     It affects your dexterity (+6).
   Slay+5:    It affects your accuracy & damage with ranged weapons and melee
   (+5).
 T - the ring of the Tortoise (on tentacle) {AC+8}
   (You bought it in a shop on level 6 of the Dungeon)

   [ring of protection]

   AC+8:      It affects your AC (+8).
 W - the amulet "Heusealemi" (around mantle) {rC+ RegenMP+ rCorr}
   (You found it in a Gauntlet)

   [amulet of magic regeneration]

   It increases your rate of magic regeneration.
   rC+:       It protects you from cold.
   rCorr:     It protects you from acid and corrosion.
   RegenMP+:  It increases your rate of magic regeneration.
 Z - the ring of Vinkum (on tentacle) {rPois Str+3 Int+3}
   (You took it off a minotaur in a Gauntlet)

   [ring of poison resistance]

   Str+3:     It affects your strength (+3).
   Int+3:     It affects your intelligence (+3).
   rPois:     It protects you from poison.
Wands
 z - a wand of light (13)
 C - a wand of flame (99)
 R - a wand of mindburst (25)
 X - a wand of iceblast (25)
Scrolls
 b - 8 scrolls of fog
 g - 10 scrolls of enchant weapon
 h - 2 scrolls of silence
 o - 14 scrolls of poison
 F - 2 scrolls of revelation
 I - 4 scrolls of blinking
 J - 18 scrolls of teleportation
 L - 4 scrolls of fear
Potions
 a - 4 potions of magic
 i - 5 potions of haste
 k - 3 potions of cancellation
 v - 9 potions of mutation
 B - 7 potions of curing
 E - 9 potions of enlightenment
 G - 3 potions of attraction
 H - 2 potions of might
 M - 2 potions of brilliance
 N - a potion of berserk rage
 V - 2 potions of ambrosia
 Y - 3 potions of invisibility
Miscellaneous
 y - a lightning rod (4/4)


   Skills:
 + Level 13.5 Fighting
 + Level 14.0(15.4) Short Blades
 * Level 10.7(13.8) Long Blades
 * Level 5.4 Staves
 + Level 5.2 Throwing
 + Level 16.0 Dodging
 - Level 15.1 Stealth
 - Level 10.1 Shields
 * Level 18.8 Spellcasting
 + Level 8.5 Conjurations
 + Level 8.3 Necromancy
 + Level 6.9 Translocations
 + Level 8.6 Fire Magic
 + Level 10.7 Ice Magic
 + Level 8.3 Air Magic
 + Level 8.2 Alchemy
 + Level 1.6 Evocations


You had 4 spell levels left.
You knew the following spells:

 Your Spells              Type           Power      Damage    Failure   Level
a - Ozocubu's Armour      Ice            90%        N/A       1%          3
b - Blink                 Tloc           100%       N/A       1%          2
c - Mephitic Cloud        Conj/Alch/Air  81%        N/A       1%          3
d - Vampiric Draining     Necr           81%        2d11      1%          3
e - Searing Ray           Conj           100%       2d8       1%          2
f - Fireball              Conj/Fire      41%        3d17      4%          5
i - Irradiate             Conj/Alch      40%        3d25      4%          5
k - Airstrike             Air            40%        2d(6-22)  2%          4
l - Iskenderun's Mystic   Conj/Tloc      79%        2d16      2%          4
n - Ignite Poison         Fire/Alch      82%        N/A       1%          4
o - Scorch                Fire           100%       2d9       1%          2
p - Apportation           Tloc           100%       N/A       1%          1
u - Dispel Undead         Necr           81%        3d26      2%          4
w - Fugue of the Fallen   Necr           81%        N/A       1%          3
y - Sticky Flame          Fire/Alch      82%        2d13      1%          4
z - Freezing Cloud        Conj/Ice/Air   42%        6-21      3%          5

Your spell library contained the following spells:

 Spells                   Type           Power      Damage    Failure   Level
 Foxfire                  Conj/Fire      100%       2x1d9     1%          1
 Kiss of Death            Conj/Necr      100%       2d13      1%          1
 Magic Dart               Conj           100%       1d8       1%          1
 Necrotise                Necr           100%       1d9       1%          1
 Shock                    Conj/Air       100%       1d9       1%          1
 Sting                    Conj/Alch      100%       1d9       1%          1
 Ensorcelled Hibernation  Hex/Ice        100%       N/A       1%          2
 Lesser Beckoning         Tloc           100%       N/A       1%          2
 Momentum Strike          Conj/Tloc      100%       3d10      1%          2
 Static Discharge         Conj/Air       100%       3-8/arc   1%          2
 Sublimation of Blood     Necr           81%        N/A       1%          2
 Swiftness                Air            81%        N/A       1%          3
 Volatile Blastmotes      Fire/Tloc      100%       2d18      1%          3
 Flame Wave               Conj/Fire      82%        2d18      1%          4
 Fulminant Prism          Conj/Alch      40%        3d19      1%          4
 Dazzling Flash           Conj/Hex       100%       N/A       3%          3
 Inner Flame              Hex/Fire       64%        N/A       3%          3
 Stone Arrow              Conj/Erth      100%       3d13      3%          3
 Summon Small Mammal      Summ           100%       N/A       5%          1
 Call Imp                 Summ           74%        N/A       8%          2
 Jinxbite                 Hex            74%        N/A       8%          2
 Anguish                  Hex/Necr       32%        N/A       9%          4
 Brom's Barrelling Bould  Conj/Erth      64%        2d8       9%          4
 Martyr's Knell           Necr/Summ      64%        N/A       9%          4
 Summon Lightning Spire   Summ/Air       64%        N/A       9%          4
 Confusing Touch          Hex            37%        N/A       13%         3
 Passwall                 Erth           37%        N/A       13%         3
 Tukima's Dance           Hex            37%        N/A       13%         3
 Cause Fear               Hex            18%        N/A       38%         4
 Alistair's Intoxication  Alch           54%        N/A       4%          5
 Curse of Agony           Necr           81%        N/A       4%          5
 Iskenderun's Battlesphe  Conj           82%        2d13      4%          5
 Metabolic Englaciation   Hex/Ice        34%        N/A       14%         5
 Sculpt Simulacrum        Ice/Alch       42%        N/A       14%         6
 Starburst                Conj/Fire      41%        6d12      19%         6
 Conjure Ball Lightning   Conj/Air       41%        3x3d13    21%         6
 Plasma Beam              Fire/Air       41%        2x1d55    21%         6
 Silence                  Hex/Air        32%        N/A       22%         5
 Yara's Violent Unravell  Hex/Alch       31%        3d13      22%         5
 Eringya's Noxious Bog    Alch           40%        4d6       22%         6
 Summon Forest            Summ/Tloc      30%        N/A       28%         5
 Orb of Destruction       Conj           41%        9d11      67%         7
 Summon Cactus Giant      Summ           18%        N/A       99%         6
 Spellforged Servitor     Conj/Summ      32%        N/A       99%         7
 Enfeeble                 Hex            18%        N/A       100%        7
 Summon Hydra             Summ           18%        N/A       100%        7
 Borgnjor's Revivificati  Necr           40%        N/A       100%        8
 Ignition                 Fire           41%        3d12      100%        8
 Infestation              Necr           40%        N/A       100%        8
 Lehudib's Crystal Spear  Conj/Erth      32%        10d8      100%        8
 Chain Lightning          Conj/Air       41%        3d54      100%        9
 Dragon's Call            Summ           18%        N/A       100%        9
 Fire Storm               Conj/Fire      41%        8d10      100%        9
 Animate Armour           Summ/Erth      Unusable   N/A       N/A         4

Dungeon Overview and Level Annotations

Branches:
Dungeon (15/15) Temple (1/1) D:5 Lair (5/5) D:8 Shoals (4/4) Lair:2 Snake (4/4) Lair:2 Orc (2/2) D:9 Elf (0/3) Orc:1 Orc:2 Vaults (4/5) D:13 Crypt (3/3) Vaults:3 Depths (0/4) D:15 IceCv (visited) WizLab (visited) Gauntlet (visited) Slime: Lair:4-5 Tomb: Crypt:3

Altars:
Ashenzari
Cheibriados
Dithmenos
Elyvilon
Fedhas
Gozag
Hepliaklqana
Kikubaaqudgha
Makhleb
Nemelex Xobeh
Okawaru
Qazlal
Ru
Sif Muna
Trog
Uskayaw
Vehumet
Wu Jian
Xom
Yredelemnul
Zin
The Shining One
Jiyva

Shops:
D:6 =   D:8 ::   Orc:2 =![[   Shoals:3 *   Snake:1 ::=   Vaults:1 *
Vaults:4 !=[?(=

Annotations:
D:3 2 transporters, osoart's ghost, amateur CoGl
D:8 wyvern & komodo
Lair:2 1 runed translucent door
Lair:5 exclusion: 3 oklob plants
Snake:3 6 transporters
Snake:4 1 runed translucent door, KennySheep's ghost, adept CoHu
Vaults:3 1 transporter
Crypt:1 2 transporters, exclusion: obsidian statue


Innate Abilities, Weirdness & Mutations

You cannot wear most types of armour.
You are amphibious.
You can wear up to eight rings at the same time.
Your skin changes colour to match your surroundings (Stealth+).
Your rubbery body absorbs attacks. (AC +1, EV +1)
((You are camouflaged when in or above water. (Stealth+)))
You have tentacles for arms and can constrict up to eight enemies at once.
You passively map a small area around you.
Your spells are a little harder to cast, but a little more powerful.


Message History

Okay, then.
The ancient champion hits you with a +0 great sword of freezing!
You block the skeletal warrior's attack.
There is an open door, spattered with blood here.
Items here: ))) [[.
Casting: Apportation (safe; 1% risk of failure)
Confirm with . or Enter, or press ? or * to list all spells.
A film of ice covers your body!
The ancient champion gestures at you while chanting.
The iron shot hits you!!!
You block the skeletal warrior's attack.
Casting: Ozocubu's Armour (safe; 1% risk of failure)
Confirm with . or Enter, or press ? or * to list all spells.
You miscast Irradiate.
You are very lightly contaminated with residual magic.
Nothing appears to happen.
The ancient champion casts a spell at you.
You block the iron shot.
You block the skeletal warrior's attack.
Casting: Irradiate (mildly dangerous; 4% risk of failure)
Confirm with . or Enter, or press ? or * to list all spells.
You erupt in a fountain of uncontrolled magic!
The ancient champion is blasted with magical radiation!
The ancient champion is lightly damaged.
The skeletal warrior is blasted with magical radiation!
The skeletal warrior is moderately damaged.
The ancient champion closely misses you.
The skeletal warrior closely misses you.
Casting: Irradiate (mildly dangerous; 4% risk of failure)
Confirm with . or Enter, or press ? or * to list all spells.
You erupt in a fountain of uncontrolled magic!
The ancient champion is blasted with magical radiation!!
The ancient champion is heavily damaged.
The skeletal warrior is blasted with magical radiation!!!
You destroy the skeletal warrior!
You are lightly contaminated with residual magic.
The ancient champion gestures at you while chanting.
The iron shot hits you!!!
You die...
Your body crumbles into a pile of gold.

....(####)......### , ,, * ,
....).#...ß...ß...# ,
......#......z....#, ^ ,
.....)'.....⌠..)..+ , *
.....)#......z....# , ,
ß.ß...#...ß...ß...# ,, ß
...######.......###### , *
.###...)###'''###....###, *
##......'......z@......####
*
#))..)..#......$#....).[#.##
##|....##.......##....?##..#
.#.....#.........#.....#...#
.##...###.......###...##.ß.#
..#####.'#.....#'.#####....#
....#....#######....#......#
.........# #)).........# #
.........# #).........## ##


You could see an ancient champion.

Vanquished Creatures
  Frederick (Vaults:3)
  An ancient lich (Crypt:2)
  The ghost of Durufu the Impregnable, a veteran MiGl of Hepliaklqana (Crypt:2)
  Saint Roka (Vaults:3)
  Bai Suzhen (Snake:3)
  Nikola (Shoals:1)
  A profane servitor (Crypt:3)
  A bone dragon (Crypt:3)
  A mutant beast (WizLab)
  Rupert (D:12)
  A lich (Crypt:3)
  A quicksilver dragon (Vaults:4)
  A sphinx (Vaults:2)
  5 ancient champions
  Gastronok (Lair:1)
  Aizul (Shoals:1)
  4 revenants
  5 nagarajas (Snake:4)
  2 frost giants
  A shard shrike simulacrum (Crypt:3)
  4 ghouls
  2 curse skulls
  14 vault wardens
  An angel (Shoals:3)
  A reaper (Crypt:2)
  14 ironbound preservers
  A stone giant (Vaults:2)
  9 ironbound thunderhulks
  8 vampire knights
  3 apis (Shoals:4)
  6 very ugly things (WizLab)
  2 formless jellyfish (Vaults:4)
  3 deep elf death magi (Crypt:1)
  3 war gargoyles
  A minotaur (Gauntlet)
  15 dire elephants
  A bunyip (shapeshifter) (WizLab)
  6 eidola (Crypt:2)
  An ettin (D:14)
  4 merfolk javelineers (Shoals:4)
  2 crystal guardians (Vaults:4)
  A fire dragon (D:15)
  4 entropy weavers
  6 merfolk impalers
  14 jiangshi
  8 vault guards
  3 hydras
  3 salamander tyrants (Snake:4)
  7 great orbs of eyes
  6 peacekeepers
  6 yaktaur captains
  3 ogre magi
  An ice dragon (D:15)
  9 anacondas
  An anaconda (shapeshifter) (WizLab)
  A merfolk avatar (Shoals:2)
  3 radroaches (WizLab)
  2 catoblepae
  3 death knights
  A spriggan skeleton (Crypt:2)
  9 death yaks
  4 alligator snapping turtles
  13 ironbound frosthearts
  4 boulder beetles
  A two-headed ogre (shapeshifter) (WizLab)
  16 two-headed ogres
  7 centaur warriors
  A deep troll shaman (Lair:5)
  4 vampire magi
  A satyr (Shoals:3)
  8 merfolk aquamancers
  22 naga warriors
  5 orc high priests
  A shock serpent (shapeshifter) (WizLab)
  11 naga sharpshooters
  A soul eater (Vaults:3)
  10 shock serpents
  Urug (D:13)
  A titan zombie (D:14)
  A hell knight (Crypt:3)
  6 salamander mystics
  4 skysharks
  2 shadow wraiths (Crypt:3)
  20 skeletal warriors
  2 death drakes (shapeshifter) (WizLab)
  A deep troll (shapeshifter) (WizLab)
  4 cherubim
  9 large abominations
  7 sea snakes
  A glowing orange brain (shapeshifter) (WizLab)
  A golden dragon zombie (Crypt:1)
  4 orb spiders (shapeshifter) (WizLab)
  7 bog bodies
  3 flayed ghosts (Crypt:2)
  9 mana vipers
  5 arcanists
  16 ironbound convokers
  47 deep trolls
  7 naga ritualists
  5 orc knights
  4 lindwurms
  22 harpies
  5 phantasmal warriors
  A fenstrider witch simulacrum (Crypt:3)
  A shining eye (shapeshifter) (WizLab)
  5 orc sorcerers
  11 fauns
  4 necromancers
  4 deep elf pyromancers
  20 cyclopes
  10 manticores
  2 fauns (shapeshifter) (WizLab)
  36 ugly things
  A stone giant zombie (D:14)
  17 salamanders
  11 merfolk sirens
  An elephant (shapeshifter) (WizLab)
  13 vault sentinels
  3 meliai (D:13)
  18 elephants
  8 water nymphs
  47 black mambas
  Joseph (D:7)
  7 guardian serpents
  A black mamba (shapeshifter) (D:14)
  2 water nymphs (shapeshifter) (WizLab)
  13 cane toads
  19 naga magi
  An ice statue (IceCv)
  2 gargoyles
  2 minotaur zombies (Gauntlet)
  3 rime drakes
  A kobold demonologist (D:11)
  2 unseen horrors
  7 freezing wraiths
  7 komodo dragons
  3 anaconda simulacra (IceCv)
  A yaktaur (shapeshifter) (WizLab)
  38 yaktaurs
  A harpy zombie (Crypt:2)
  A catoblepas skeleton (Crypt:1)
  A tengu conjurer (D:11)
  2 merfolk (shapeshifter) (WizLab)
  14 merfolk
  6 trolls
  2 wind drakes (shapeshifter) (WizLab)
  28 blink frogs
  A pale draconian skeleton (Crypt:1)
  7 wind drakes
  2 polar bears (Lair:3)
  5 dream sheep
  A raiju (shapeshifter) (WizLab)
  9 snapping turtles
  4 glass eyes (WizLab)
  A slime creature (shapeshifter) (WizLab)
  38 slime creatures
  6 shadows
  4 water elementals
  A culicivora (shapeshifter) (Vaults:2)
  A culicivora (Vaults:3)
  A fire dragon skeleton (Crypt:2)
  A centaur simulacrum (Gauntlet)
  A vampire (D:8)
  2 dire elephant simulacra
  3 wyverns
  A basilisk (shapeshifter) (D:11)
  11 humans
  6 basilisks
  14 yaks
  6 wraiths
  Grum (D:9)
  2 vampire mosquitoes (D:12)
  2 elves (WizLab)
  A redback (shapeshifter) (WizLab)
  3 steam dragons
  An iron golem (WizLab)
  2 golden eyes (shapeshifter)
  4 redbacks
  A warg (D:14)
  3 death yak simulacra (IceCv)
  13 small abominations
  A harpy simulacrum (IceCv)
  An acid dragon (D:12)
  48 nagas
  11 water moccasins
  3 hydra simulacra (IceCv)
  13 orc warriors
  A cane toad skeleton (Crypt:2)
  A meliai simulacrum (Gauntlet)
  An ice beast (D:7)
  9 black bears
  18 laughing skulls
  14 ogres
  31 wolves
  7 boggarts
  14 centaurs
  A yaktaur zombie (Crypt:2)
  A brain worm (shapeshifter) (D:12)
  A weeping skull (Crypt:3)
  14 bullfrogs
  A gnoll sergeant (D:7)
  2 cane toad simulacra
  2 cyclops zombies (D:14)
  6 wights
  4 scorpions
  3 burial acolytes (Crypt:3)
  4 two-headed ogre simulacra (IceCv)
  A wyvern skeleton (Crypt:2)
  12 killer bees
  3 elephant simulacra (IceCv)
  4 howler monkeys
  5 electric eels
  A bullfrog zombie (Crypt:2)
  5 jellies
  A gnoll bouda (D:6)
  2 bullfrog skeletons
  4 hounds
  35 orc priests
  2 iguanas
  A sleepcap (D:6)
  Natasha (twice) (D:3)
  23 orc wizards
  5 spriggan simulacra (IceCv)
  6 troll simulacra (IceCv)
  5 polar bear simulacra (IceCv)
  3 wolf simulacra (IceCv)
  A crocodile skeleton (Crypt:1)
  14 gnolls
  7 adders
  2 naga simulacra (IceCv)
  20 white imps
  5 ufetubi (IceCv)
  5 dart slugs
  56 orcs
  7 ball pythons
  11 endoplasms
  4 giant cockroaches
  11 goblins
  9 hobgoblins
  2 jackals (D:1)
  A quokka (D:3)
  4 bats
  A frilled lizard (D:1)
  A frilled lizard zombie (Crypt:2)
  A gnoll skeleton (Crypt:1)
  A goblin zombie (Crypt:1)
  5 kobolds
  A rat (D:2)
  A rat zombie (Crypt:1)
1566 creatures vanquished.

Vanquished Creatures (others)
  A salamander (Snake:3)
  A faun (Shoals:2)
  A human (D:13)
  A burial acolyte (Crypt:3)
  An orc (Orc:2)
5 creatures vanquished.

Grand Total: 1571 creatures vanquished

Notes
Turn   | Place    | Note
-------+----------+-------------------------------------------
     0 | D:5      | Esekla the Octopode Delver began the quest for the Orb.
     0 | D:5      | Reached XP level 1. HP: 16/16 MP: 1/1
     8 | D:5      | Found a basalt altar of Yredelemnul.
    56 | D:5      | Found a staircase to the Ecumenical Temple.
    65 | Temple   | Entered the Ecumenical Temple
    88 | Temple   | Became a worshipper of Gozag Ym Sagoz the Greedy
   127 | D:5      | Noticed a jelly
   312 | D:3      | Noticed osoart's ghost (amateur CoGl)
   312 | D:3      | Found a transporter.
   372 | D:3      | Reached XP level 2. HP: 21/21 MP: 2/2
   403 | D:3      | Reached skill level 1 in Spellcasting
   460 | D:1      | Reached XP level 3. HP: 26/26 MP: 4/4
   620 | D:1      | Found a faded altar of an unknown god.
  1081 | D:2      | Reached XP level 4. HP: 31/31 MP: 6/6
  1324 | D:2      | Learned a level 3 spell: Ozocubu's Armour
  1469 | D:3      | Noticed an ogre
  1470 | D:3      | Found a transporter.
  1479 | D:3      | Identified the +8 great mace of Poverty {protect, rElec}
  1479 | D:3      | Noticed an ogre
  1603 | D:3      | Noticed Natasha
  1615 | D:3      | Killed Natasha
  1616 | D:3      | Reached skill level 1 in Short Blades
  1616 | D:3      | Reached XP level 5. HP: 27/36 MP: 7/7
  2052 | D:3      | Noticed Natasha
  2058 | D:3      | Killed Natasha
  2457 | D:4      | Reached skill level 2 in Spellcasting
  2523 | D:4      | Reached skill level 1 in Ice Magic
  2526 | D:4      | Reached XP level 6. HP: 43/43 MP: 9/9
  2615 | D:4      | Upgraded the game from 0.32-a0-540-g866d13106e to
                  | 0.32-a0-560-g4c7f4391e0
  3229 | D:5      | Found an iron altar of Okawaru.
  3308 | D:5      | Reached XP level 7. HP: 45/48 MP: 10/10
  3849 | D:6      | Found a sacrificial altar of Ru.
  3921 | D:6      | Learned a level 2 spell: Blink
  3972 | D:6      | Reached skill level 3 in Spellcasting
  4047 | D:6      | Reached XP level 8. HP: 54/54 MP: 12/12
  4159 | D:6      | Reached skill level 1 in Translocations
  4222 | D:6      | Reached skill level 10 in Stealth
  4365 | D:6      | Found a shadowy altar of Dithmenos.
  4516 | D:6      | Reached skill level 1 in Throwing
  4623 | D:6      | Bought a ring of the Octopus King {HP+2 AC+2 EV+2 SH+2
                  | SInv} for 565 gold pieces
  4623 | D:6      | Found the ring of the Octopus King {HP+2 AC+2 EV+2 SH+2
                  | SInv}
  4641 | D:7      | Reached skill level 5 in Fighting
  4932 | D:7      | Reached skill level 4 in Spellcasting
  5037 | D:7      | Reached XP level 9. HP: 61/61 MP: 15/15
  5044 | D:7      | Noticed Joseph
  5060 | D:7      | Killed Joseph
  5122 | D:6      | Upgraded the game from 0.32-a0-560-g4c7f4391e0 to
                  | 0.32-a0-571-gec57dfcd37
  5411 | D:7      | Found a radiant altar of Vehumet.
  5413 | D:7      | Found a hide-covered altar of Uskayaw.
  6039 | D:8      | Reached skill level 1 in Air Magic
  6233 | D:8      | Found a staircase to the Lair.
  6233 | D:8      | Noticed a komodo dragon
  6459 | D:8      | Found a broken altar of Ashenzari.
  6545 | D:8      | Learned a level 4 spell: Iskenderun's Mystic Blast
  6550 | D:8      | Learned a level 4 spell: Airstrike
  6768 | Lair:1   | Entered Level 1 of the Lair of Beasts
  6772 | Lair:1   | Reached skill level 5 in Dodging
  6772 | Lair:1   | Reached skill level 5 in Spellcasting
  6796 | Lair:1   | Noticed a lindwurm
  6940 | D:9      | Noticed Grum
  6968 | D:9      | Found a staircase to the Orcish Mines.
  7201 | D:9      | Reached skill level 1 in Conjurations
  7405 | D:9      | Reached XP level 10. HP: 64/68 MP: 17/17
  7505 | D:9      | Killed Grum
  7506 | D:9      | Reached skill level 1 in Shields
  7846 | Orc:1    | Entered Level 1 of the Orcish Mines
  7856 | Orc:1    | Noticed an orc sorcerer
  8309 | D:6      | Bought the ring of Jecexoi {Dex+6 Slay+5} for 704 gold
                  | pieces
  8407 | Orc:1    | Killed an orc sorcerer
  8554 | Orc:1    | Reached skill level 5 in Ice Magic
  8751 | Orc:2    | Entered Level 2 of the Orcish Mines
  8777 | Orc:2    | Found a bloodstained altar of Trog.
  8860 | Orc:2    | Found a staircase to the Elven Halls.
  9009 | Orc:1    | Reached skill level 6 in Spellcasting
  9092 | Orc:2    | Noticed an orc knight
  9166 | Orc:2    | Noticed an orc sorcerer
  9180 | Orc:1    | Killed an orc knight
  9221 | Orc:2    | Noticed a soul eater
  9857 | Orc:1    | Paralysed by an orc sorcerer for 2 turns
  9859 | Orc:1    | Noticed an orange demon
  9859 | Orc:1    | Killed an orc sorcerer
  9860 | Orc:1    | Reached XP level 11. HP: 56/74 MP: 17/20
  9931 | Orc:2    | Noticed an orc sorcerer
  9943 | Orc:2    | Killed an orc sorcerer
  9976 | Orc:2    | Noticed an orc high priest
 10075 | Orc:2    | Noticed an orc sorcerer
 10083 | Orc:2    | Killed an orc sorcerer
 10229 | Orc:2    | Noticed an orc high priest
 10243 | Orc:2    | Killed an orc high priest
 10244 | Orc:2    | Reached skill level 5 in Short Blades
 10257 | Orc:2    | Killed an orc high priest
 10426 | Orc:2    | Noticed an orc high priest
 10453 | Orc:2    | Killed an orc high priest
 10551 | Orc:2    | Noticed an orc high priest
 10556 | Orc:2    | Noticed a soul eater
 10559 | Orc:2    | Killed an orc high priest
 10796 | Orc:2    | Found Gihomn's Armour Emporium.
 10807 | Orc:2    | Found Kiuxke Caxka's Antique Armour Emporium.
 10807 | Orc:2    | Found Qunugro's Distillery.
 10810 | Orc:2    | Found Ammemali's Jewellery Shoppe.
 10830 | Orc:2    | Bought a potion of degeneration for 14 gold pieces
 10930 | D:10     | Entered Level 10 of the Dungeon
 11118 | D:10     | Reached skill level 5 in Air Magic
 11126 | D:10     | Noticed a two-headed ogre
 11148 | D:10     | Killed a two-headed ogre
 11257 | D:10     | Reached XP level 12. HP: 81/81 MP: 22/22
 11547 | D:6      | Bought the ring of the Tortoise {AC+8} for 1408 gold pieces
 11547 | D:6      | Found the ring of the Tortoise {AC+8}
 11651 | Lair:1   | Reached skill level 7 in Spellcasting
 12105 | Lair:1   | Noticed Gastronok
 12236 | Lair:1   | Identified the +1 leather armour of Oblivion {Rampage rElec
                  | rF+}
 12314 | Lair:1   | Killed Gastronok
 12441 | Lair:2   | Found a staircase to the Snake Pit.
 12441 | Lair:2   | Found a staircase to the Shoals.
 12450 | Lair:2   | Reached skill level 5 in Conjurations
 13215 | Lair:2   | Found a runed translucent door.
 13217 | Lair:2   | Noticed a reaper
 13493 | Lair:3   | Reached skill level 8 in Spellcasting
 13493 | Lair:3   | Reached XP level 13. HP: 88/88 MP: 25/25
 14681 | Lair:4   | Found a gate leading to a gauntlet.
 14797 | Gauntlet | Entered a Gauntlet
 14797 | Gauntlet | Found a transporter.
 14804 | Gauntlet | Found a transporter.
 14808 | Gauntlet | Found a transporter.
 14813 | Gauntlet | Found a transporter.
 14824 | Gauntlet | Found a transporter.
 14824 | Gauntlet | Found a transporter.
 14829 | Gauntlet | Found a transporter.
 14829 | Gauntlet | Found a runed translucent door.
 14836 | Gauntlet | Found a transporter.
 14839 | Gauntlet | Found a transporter.
 14844 | Gauntlet | Found a transporter.
 14850 | Gauntlet | Found a transporter.
 14854 | Gauntlet | Found a transporter.
 14859 | Gauntlet | Found a transporter.
 14875 | Gauntlet | Found a transporter.
 15328 | Gauntlet | Identified the amulet "Heusealemi" {RegenMP rC+ RegenMP+
                  | rCorr}
 15488 | Gauntlet | Identified the +5 glaive of the Enemy {antimagic, rPois rF-
                  | Int+2 SInv}
 15488 | Gauntlet | Identified the ring of Vinkum {rPois Str+3 Int+3}
 15488 | Gauntlet | Noticed a minotaur
 15547 | Gauntlet | Killed a minotaur
 15564 | Gauntlet | Identified the +8 mace "Ofasi" {heavy, rN+ Dex+3}
 15564 | Gauntlet | Identified the +8 rapier of Pistrast {pain, Will+ Dex+2}
 15564 | Gauntlet | Identified the death talisman of Undesirable Species
                  | {Dex+4}
 15564 | Gauntlet | Identified the staff of the Iron City of Dis {rF+ rN+ Str+4
                  | Fire}
 15982 | Lair:4   | Reached skill level 9 in Spellcasting
 16013 | Lair:4   | Reached XP level 14. HP: 92/95 MP: 27/27
 16199 | Lair:4   | Reached skill level 1 in Alchemy
 16728 | Lair:5   | Entered Level 5 of the Lair of Beasts
 17012 | D:8      | Bought a book of the Senses for 600 gold pieces
 17016 | D:8      | Learned a level 3 spell: Mephitic Cloud
 17198 | Lair:5   | Reached skill level 1 in Fire Magic
 17603 | D:8      | Bought an Everburning Encyclopedia for 570 gold pieces
 17608 | D:8      | Learned a level 4 spell: Ignite Poison
 17611 | D:8      | Learned a level 2 spell: Searing Ray
 17616 | D:8      | Learned a level 4 spell: Sticky Flame
 18040 | Lair:5   | Reached skill level 10 in Dodging
 18126 | Lair:5   | Found a viscous altar of Jiyva.
 18176 | Lair:5   | Identified the +5 shortbow "Kaqegesa" {heavy, rC+ Will+
                  | Int+3}
 19046 | Lair:5   | Noticed a dire elephant
 19066 | Lair:5   | Killed a dire elephant
 19089 | Lair:5   | Identified the staff of Slime {Str+5 Stlth+ Conj}
 19462 | D:8      | Bought a book of Party Tricks for 330 gold pieces
 19465 | D:8      | Learned a level 2 spell: Scorch
 19467 | D:8      | Learned a level 1 spell: Apportation
 20240 | D:11     | Got Ubygufu's Quarto of Malisons
 20276 | D:11     | Identified the +0 pair of gloves of Fiahueke {^Contam rElec
                  | rN++ Stlth-}
 20363 | D:11     | Reached skill level 10 in Spellcasting
 20363 | D:11     | Reached XP level 15. HP: 103/103 MP: 29/29
 20635 | D:11     | Reached skill level 10 in Fighting
 21368 | D:12     | Found a frozen archway.
 21423 | IceCv    | Entered an ice cave
 22292 | IceCv    | Found the +4 skin of Zhor {*Englaciate rC+++ SInv}
 22531 | D:12     | Reached skill level 5 in Fire Magic
 22884 | D:8      | Bought a book of Touch for 330 gold pieces
 22986 | D:13     | Noticed Rupert
 23002 | D:12     | Killed Rupert
 23003 | D:12     | Reached skill level 1 in Necromancy
 23052 | D:13     | Noticed Urug
 23063 | D:13     | Killed Urug
 23432 | D:13     | Identified a scroll of acquirement
 23452 | D:13     | Acquired the +6 Majin-Bo {spellvamp, MP+6 Int+6}
 23452 | D:13     | Found the +6 Majin-Bo {spellvamp, MP+6 Int+6}
 23905 | D:13     | Found a gate to the Vaults.
 23908 | D:13     | Reached skill level 11 in Spellcasting
 24548 | D:14     | Reached skill level 5 in Alchemy
 24600 | D:14     | Reached XP level 16. HP: 110/111 MP: 31/31
 25412 | D:14     | Identified the +10 mace "Qupnum Housch" {freeze, rElec rC-
                  | Str-3 Dex+6}
 25419 | D:14     | Identified the +5 flail of Qunaog {freeze, rF++ rC- rN+
                  | Will+}
 25749 | D:15     | Entered Level 15 of the Dungeon
 26357 | D:15     | Found a staircase to the Depths.
 27169 | D:8      | Upgraded the game from 0.32-a0-571-gec57dfcd37 to
                  | 0.32-a0-576-g706899e69d
 27174 | D:8      | Learned a level 4 spell: Dispel Undead
 27180 | D:8      | Learned a level 5 spell: Fireball
 27219 | Shoals:1 | Entered Level 1 of the Shoals
 27243 | Shoals:1 | Identified the serpent talisman of the Intense God {Str+6
                  | Dex-5 Stlth+}
 27243 | Shoals:1 | Noticed Aizul
 27377 | Shoals:1 | Reached skill level 15 in Stealth
 27668 | Shoals:1 | Noticed Nikola
 28064 | D:6      | Bought the ring of Verhaux {rElec rC+ Dex+2} for 475 gold
                  | pieces
 28469 | D:8      | Bought a manual of Short Blades for 1520 gold pieces
 29071 | Shoals:1 | Killed Nikola
 29226 | Shoals:1 | Killed Aizul
 29227 | Shoals:1 | Reached skill level 12 in Spellcasting
 29643 | Shoals:2 | Reached skill level 5 in Necromancy
 29907 | Shoals:2 | Reached skill level 10 in Short Blades
 30294 | Shoals:2 | Reached XP level 17. HP: 117/117 MP: 33/33
 30307 | Shoals:2 | Found the +12 glaive of Prune {freeze, Prune}
 30929 | Shoals:3 | Found Hoer's Assorted Antiques.
 31377 | Shoals:4 | Entered Level 4 of the Shoals
 31583 | Shoals:4 | Reached skill level 13 in Spellcasting
 31849 | Shoals:4 | HP: 3/119 [alligator snapping turtle (29)]
 32109 | Shoals:4 | Found a glowing golden altar of the Shining One.
 32517 | Shoals:4 | Found a glowing silver altar of Zin.
 32526 | Shoals:4 | Identified the ring "Naul" {^Drain rN+ Dex+2 SInv}
 33328 | Shoals:3 | Bought a scroll of acquirement for 1924 gold pieces
 33328 | Shoals:3 | Acquired Iporygid's Volume of Coffins and the Volley
 33373 | Shoals:4 | Got a barnacled rune of Zot
 33441 | Shoals:4 | Found a white marble altar of Elyvilon.
 33502 | Shoals:4 | Reached skill level 1 in Evocations
 33568 | Shoals:4 | Got the Essays on the Overcast Catacomb
 33701 | Shoals:4 | Learned a level 5 spell: Irradiate
 33781 | Snake:1  | Entered Level 1 of the Snake Pit
 34279 | Snake:1  | Found Bios's Book Shoppe.
 34281 | Snake:1  | Found Ecas's Jewellery Shop.
 34284 | Snake:1  | Found Yteriafink's Book Shoppe.
 34318 | Snake:1  | Reached XP level 18. HP: 116/126 MP: 35/35
 34770 | Snake:2  | Reached skill level 1 in Staves
 35170 | Snake:2  | Reached skill level 14 in Spellcasting
 36002 | Snake:2  | Reached skill level 5 in Shields
 36410 | Snake:3  | Noticed Bai Suzhen
 36831 | Snake:3  | Found a transporter.
 36833 | Snake:3  | Found a transporter.
 36989 | Snake:2  | Reached skill level 5 in Translocations
 37226 | Snake:2  | Upgraded the game from 0.32-a0-576-g706899e69d to
                  | 0.32-a0-597-g8e3e136d6a
 37413 | Snake:3  | Found a transporter.
 37425 | Snake:3  | Found a transporter.
 37704 | Snake:3  | Killed Bai Suzhen
 37947 | Snake:3  | Found a transporter.
 37948 | Snake:3  | Found a transporter.
 38425 | Snake:4  | Entered Level 4 of the Snake Pit
 38525 | Snake:4  | Found a runed translucent door.
 38526 | Snake:4  | Found a shimmering altar of Xom.
 38526 | Snake:4  | Noticed KennySheep's ghost (adept CoHu)
 38526 | Snake:4  | Found the +4 consecrated labrys {holy, Valiant ^Fragile Fly
                  | SInv}
 38827 | Snake:4  | Reached XP level 19. HP: 132/132 MP: 37/37
 39234 | Snake:4  | Reached skill level 15 in Spellcasting
 39753 | Snake:4  | Learned a level 5 spell: Freezing Cloud
 40611 | Snake:4  | Got a serpentine rune of Zot
 41052 | Vaults:1 | Entered Level 1 of the Vaults
 41371 | Vaults:1 | Found a magical portal.
 41389 | Vaults:1 | Bought a potion of cancellation for 136 gold pieces
 41398 | WizLab   | Entered Cigotuvi's Fleshworks
 41399 | WizLab   | Upgraded the game from 0.32-a0-597-g8e3e136d6a to
                  | 0.32-a0-607-g64ea0e4219
 41822 | WizLab   | Found the -2 hat of the Alchemist {rElec rPois rF+ rC+ rN+
                  | Will+ rMut rCorr}
 41967 | WizLab   | Got Cigotuvi's Treatise on Doomed Chrysopoeia
 41985 | WizLab   | Identified the serpent talisman of Muttered Phrases {Int+2}
 41987 | WizLab   | Identified the flux talisman "Ebipetzero" {Str+3}
 43766 | WizLab   | Gained mutation: You are vulnerable to cold. (rC-)
                  | [mutagenic glow]
 43840 | WizLab   | Reached XP level 20. HP: 140/140 MP: 33/39
 43985 | Vaults:1 | Lost mutation: You are vulnerable to cold. (rC-) [potion of
                  | mutation]
 43985 | Vaults:1 | Gained mutation: Your spells are a little easier to cast,
                  | but a little less powerful. [potion of mutation]
 43985 | Vaults:1 | Gained mutation: You are weak. (Str -2) [potion of
                  | mutation]
 43986 | Vaults:1 | Lost mutation: Your spells are a little easier to cast, but
                  | a little less powerful. [potion of mutation]
 43986 | Vaults:1 | Lost mutation: You are weak. (Str -2) [potion of mutation]
 43986 | Vaults:1 | Gained mutation: Your spells are a little harder to cast,
                  | but a little more powerful. [potion of mutation]
 43986 | Vaults:1 | Gained mutation: You passively map a small area around you.
                  | [potion of mutation]
 44815 | Vaults:1 | Reached skill level 16 in Spellcasting
 45059 | Vaults:1 | Upgraded the game from 0.32-a0-607-g64ea0e4219 to
                  | 0.32-a0-612-g1c984fe9d1
 45964 | Vaults:2 | Identified the +5 flail "Himeep" {distort, Str+2}
 46647 | Vaults:2 | Reached skill level 5 in Long Blades
 46815 | Vaults:2 | Reached skill level 10 in Shields
 47040 | Vaults:3 | Reached skill level 10 in Ice Magic
 47063 | Vaults:3 | Reached skill level 15 in Dodging
 47105 | Vaults:3 | Reached XP level 21. HP: 145/145 MP: 41/41
 47642 | Vaults:3 | You fall into a shaft and drop 1 floor!
 47900 | Vaults:3 | Noticed Saint Roka
 48068 | Vaults:3 | Killed Saint Roka
 48069 | Vaults:3 | Reached skill level 17 in Spellcasting
 48457 | Vaults:3 | Found a transporter.
 48457 | Vaults:3 | Identified the orb of Conscience {*channel, Rampage Int+3
                  | Dex+2}
 48457 | Vaults:3 | Noticed Frederick
 48474 | Vaults:3 | Found a radiant altar of Vehumet.
 48489 | Vaults:3 | Killed Frederick
 48668 | Vaults:3 | Found a staircase to the Crypt.
 48765 | Vaults:3 | Identified the ring "Ladup" {rC+ rN+ Int+6}
 48814 | Vaults:3 | Learned a level 3 spell: Fugue of the Fallen
 48912 | Vaults:4 | Found Peirarhei's Distillery.
 49306 | Vaults:4 | Acquired a book of Necromancy
 49314 | Vaults:4 | Learned a level 3 spell: Vampiric Draining
 49314 | Vaults:4 | Acquired 1226 gold pieces
 49332 | Vaults:4 | Found Niym's Jewellery Boutique.
 49417 | Vaults:4 | Reached skill level 5 in Throwing
 49758 | Vaults:4 | Bought a +4 ring of slaying for 1170 gold pieces
 49871 | Vaults:4 | Found Fahya's Armour Shoppe.
 50614 | Vaults:4 | Found Vypauled's Antique Weapon Boutique.
 50615 | Vaults:4 | Found Uqikliqi's Jewellery Shoppe.
 50629 | Vaults:4 | Found Antifihe's Magic Scroll Emporium.
 50793 | Vaults:4 | Paralysed by a formless jellyfish for 1 turns
 50797 | Vaults:4 | Paralysed by a formless jellyfish for 1 turns
 50804 | Vaults:4 | Reached XP level 22. HP: 153/153 MP: 20/43
 51465 | Crypt:1  | Entered Level 1 of the Crypt
 52121 | Crypt:1  | Found a transporter.
 52131 | Crypt:1  | Found a transporter.
 52579 | Vaults:4 | Bought a scroll of blinking for 150 gold pieces
 52579 | Vaults:4 | Bought a scroll of blinking for 150 gold pieces
 53339 | Crypt:1  | Reached skill level 18 in Spellcasting
 53370 | Crypt:1  | Paralysed by a vampire knight for 5 turns
 54462 | Crypt:2  | Found a runed translucent gate.
 54462 | Crypt:2  | Found a runed translucent gate.
 54462 | Crypt:2  | Found a runed translucent gate.
 54464 | Crypt:2  | Noticed an ancient lich
 54467 | Crypt:2  | Noticed Durufu's ghost (veteran MiGl)
 54639 | Crypt:2  | Reached skill level 10 in Long Blades
 54975 | Crypt:2  | Killed an ancient lich
 55344 | Crypt:2  | Killed Durufu's ghost
 55543 | Crypt:2  | Identified the ring "Voval" {^Contam +Blink rPois rF+
                  | Str+3}
 55643 | Crypt:3  | Entered Level 3 of the Crypt
 56102 | Crypt:2  | Upgraded the game from 0.32-a0-612-g1c984fe9d1 to
                  | 0.32-a0-630-g46d191b0ed
 56258 | Crypt:3  | Found an ancient bone altar of Kikubaaqudgha.
 57239 | Crypt:3  | Noticed a profane servitor
 57243 | Crypt:3  | Killed a profane servitor
 57255 | Crypt:3  | Identified the staff of Geof {rPois rF+ Will+ Stlth- Fire
                  | Earth}
 57292 | Crypt:3  | Found the +0 pair of gloves of the gadgeteer {Gadgeteer
                  | Wandboost ^Fragile}
 57386 | Crypt:3  | Reached skill level 5 in Staves
 57836 | Crypt:3  | Killed from afar by an ancient champion

Illustrated notes

Levels and vault maps discovered:
D:1:      lemuel_arrival_behind_the_door_small, layout_rooms,
          shapermc_ecumenical_altar_gd
D:2:      layout_rooms, serial_glass, glass_columns_b, glass_columns_a,
          due_unseen_surprise, minmay_strange_pillars, feat_on_display,
          minmay_misc_feat_columns
D:3:      layout_loops_ring, gammafunk_ghost_smash, uniq_natasha
D:4:      layout_gridville, grunt_ministairs_10, minivault_25,
          roderic_roman_lattice
D:5:      layout_loops_cross, old_standard_altar,
          nicolae_overflow_crystal_walls, minmay_temple_entry_poolview,
          kennysheep_path_1, hangedman_abyss_or_decor_stagger
D:6:      layout_rooms, nicolae_ru_awakened_eye, lemuel_crystal_altar,
          amcnicky_mini_corridor_feature
D:7:      layout_basic, nicolae_overflow_hidden_temple, uniq_joseph
D:8:      layout_loops_ring, lemuel_doored_altar, david_lair_shrubbed
D:9:      layout_gridville, orc_0_dummy, uniq_grum
D:10:     layout_irregular_city
D:11:     minmay_ambush_box, layout_basic
D:12:     layout_roguey, portal_ice_cave_entry_imps
D:13:     layout_roguey, ximxim_vaults_locker_room, uniq_rupert, uniq_urug
D:14:     giant_chief_lemuel, layout_loops_cross,
          nicolae_kite_square_tiling_tiny
D:15:     grunt_enter_depths_hoard, layout_gridville,
          minmay_misc_feat_four_crosses
Temple:   nicolae_temple_superstar
Lair:1:   layout_roguey, uniq_gastronok
Lair:2:   layout_loops_ring, minmay_shoals_entry_beasts, dummy_snake_entry,
          pdpol_lair_cabin_in_the_woods
Lair:3:   layout_regular_city, minivault_27, minmay_holes,
          kilobyte_rumbling_trees
Lair:4:   layout_gridlike, gauntlet_entry_generic, lookout_lair_type,
          lemuel_fruit_fields
Lair:5:   grunt_lair_end_beastmaster, layout_small_grid,
          minmay_slime_entry_oklob_enclosed
Shoals:1: layout_shoals, uniq_nikola, uniq_aizul
Shoals:2: layout_shoals
Shoals:3: layout_shoals, nicolae_shoals_c_island
Shoals:4: shoals_end_hellmonk_holy_island
Snake:1:  layout_rooms, minmay_shop_grove, grunt_megastairs_2,
          serial_bayou_shore_a
Snake:2:  layout_misc_corridors
Snake:3:  layout_basic, serial_nicolae_subway, nicolae_sub_station_metal,
          nicolae_sub_station_crystal, nicolae_sub_station_stone,
          serial_bayou_shore_b, uniq_bai_suzhen
Snake:4:  johnstein_snake_rune_scales, layout_gridlike, ebering_ghost_xom
Orc:1:    layout_diamond_mine, regret_index_minedec_devilstone
Orc:2:    st_orc_mages, layout_caves, basic_altar,
          regret_index_minedec_guest_junction
Vaults:1: lightli_enter_wizlab_magi_temple, vaults_dpeg_hooks,
          nicolae_vaults_sealed_display, nicolae_vaults_diagonal_hallway_7,
          nicolae_vaults_tetromino_Z_1, nicolae_vaults_surprise_closet,
          nicolae_vaults_tetromino_L_1, layout_vaults_omnigrid
Vaults:2: nicolae_vaults_trapezoid_1, vaults_mumra_chevron_long,
          nicolae_vaults_tangram_2, nicolae_vaults_storage_closets_1,
          nicolae_vaults_lightning_bolt, dpeg_vaults_monster_row,
          vaults_mumra_hexcomb, nicolae_vaults_what_the_h,
          nicolae_vaults_storage_closets_2, nicolae_vaults_tetromino_T_1,
          nicolae_vaults_surprise_closet_hard, vaults_room_fours,
          layout_vaults_ring
Vaults:3: gammafunk_sealed_library, minmay_crypt_entry_simple_walls, v_rooms_3,
          nicolae_vaults_network_s, nicolae_vaults_double_plus_1,
          vaults_room_pool, ontoclasm_vaults_claustrophobia,
          hangedman_vaults_pinch, hangedman_vaults_variations, v_misc_1,
          ontoclasm_vaults_chip, nicolae_vaults_asterisk,
          nicolae_vaults_little_squares_6, layout_vaults_omnibox,
          uniq_saint_roka, uniq_norris, uniq_frederick
Vaults:4: v_pattern_5, nicolae_vaults_house_3, v_misc_15,
          nicolae_vaults_tetromino_Z_2, nicolae_vaults_taking_the_gang_shopping,
          nicolae_vaults_murder_corner, nicolae_vaults_closet_pinwheel_1,
          grunt_vaults_focal, nicolae_vaults_more_shelving_2,
          vaults_room_semicircle, v_misc_2, nicolae_vaults_asterisk,
          vaults_room_semicircle, ontoclasm_vaults_gateway,
          nicolae_vaults_doubleplus_tesselated, layout_vaults_omnicross,
          serial_shops, shop, nicolae_shop_stone, shop,
          nicolae_shop_statue_plus, nicolae_shop_tiny_real_fake_doors
Crypt:1:  gammafunk_sealed_arena, layout_catacombs, grunt_crypt_arrival_split
Crypt:2:  layout_basic, gammafunk_ghost_split, nicolae_fountain_basement,
          grunt_megastairs_4
Crypt:3:  grunt_crypt_end_deaths_head

Skill      XL: |  1  2  3  4  5  6  7  8  9 10 11 12 13 14 15 16 17 18 19 20 21 22 |
---------------+-------------------------------------------------------------------+-----
Spellcasting   | 1 2 3 4 5 6 8 9 10 11 12 13 14 15 16 17 18 | 18.8
Stealth        | 7 8 9 10 11 12 13 14 15 | 15.1
Short Blades   | 1 2 3 4 5 6 7 8 9 10 11 12 13 14 | 14.0
Ice Magic      | 1 2 3 4 5 6 7 8 9 10 | 10.7
Fighting       | 4 5 6 7 8 9 10 11 12 13 | 13.5
Dodging        | 3 4 5 6 8 9 10 11 12 13 14 15 16 | 16.0
Translocations | 2 3 4 5 6 |  6.9
Throwing       | 1 2 3 4 5 |  5.2
Air Magic      | 1 3 5 6 7 8 |  8.3
Conjurations   | 1 2 4 5 7 8 |  8.5
Shields        | 2 3 4 6 8 10 | 10.1
Alchemy        | 3 5 6 7 8 |  8.2
Fire Magic     | 4 5 6 7 8 |  8.6
Necromancy     | 3 5 6 7 8 |  8.3
Evocations     | 1 |  1.6
Staves         | 1 5 |  5.4
Long Blades    | 5 8 10 | 10.7

Action                     |  1- 3 |  4- 6 |  7- 9 | 10-12 | 13-15 | 16-18 | 19-21 | 22-24 || total
---------------------------+-------+-------+-------+-------+-------+-------+-------+-------++-------
  Melee: Falchion          |     8 |       |       |       |       |       |       |       ||     8
         Dagger            |    43 |   110 |   202 |   510 |   912 |       |       |       ||  1777
         Tentacles         |     4 |    21 |    64 |   188 |   360 |   332 |   370 |    96 ||  1435
         Constrict         |    10 |    22 |    35 |   133 |   116 |   126 |   128 |    45 ||   615
         Rapier            |       |       |       |       |    89 |   877 |  1018 |    80 ||  2064
         Bo                |       |       |       |       |       |    16 |    17 |    13 ||    46
         Spear             |       |       |       |       |       |     2 |       |       ||     2
         Long sword        |       |       |       |       |       |       |    49 |   118 ||   167
  Throw: Dart              |       |       |    11 |    23 |    34 |    11 |    55 |       ||   134
         Javelin           |       |       |     6 |     4 |       |     1 |     3 |       ||    14
         Boomerang         |       |       |       |     4 |    39 |    52 |    35 |    28 ||   158
   Cast: Ozocubu's Armour  |       |     2 |    16 |    41 |    71 |   116 |   108 |    57 ||   411
         Blink             |       |       |     1 |     2 |     5 |     2 |     3 |     2 ||    15
         Airstrike         |       |       |       |       |    16 |    18 |       |       ||    34
         Iskenderun's Myst |       |       |       |       |     2 |       |       |       ||     2
         Sticky Flame      |       |       |       |       |    64 |    42 |    32 |    53 ||   191
         Mephitic Cloud    |       |       |       |       |    19 |    16 |    25 |    11 ||    71
         Ignite Poison     |       |       |       |       |     7 |     7 |    19 |     6 ||    39
         Scorch            |       |       |       |       |    18 |     7 |       |       ||    25
         Apportation       |       |       |       |       |    14 |   115 |   156 |    57 ||   342
         Fireball          |       |       |       |       |       |     8 |     1 |     4 ||    13
         Irradiate         |       |       |       |       |       |    31 |    39 |    16 ||    86
         Searing Ray       |       |       |       |       |       |       |     6 |       ||     6
         Freezing Cloud    |       |       |       |       |       |       |    18 |       ||    18
         Dispel Undead     |       |       |       |       |       |       |     2 |    90 ||    92
         Fugue of the Fall |       |       |       |       |       |       |       |     8 ||     8
 Invoke: Call Merchant     |       |       |     1 |       |     1 |     1 |     1 |       ||     4
         Potion Petition   |       |       |       |       |       |       |     1 |       ||     1
  Evoke: Wand              |       |     1 |       |     2 |     1 |     8 |    12 |     1 ||    25
         Lightning rod     |       |       |       |       |       |     2 |     2 |       ||     4
    Use: Scroll            |     2 |     3 |     4 |     4 |    14 |     3 |     7 |     3 ||    40
         Potion            |     1 |       |       |     5 |     7 |    11 |     6 |     3 ||    33
   Stab: Sleeping          |    12 |    34 |    22 |    15 |    49 |    47 |    58 |    14 ||   251
         Distracted        |       |     3 |     1 |     4 |     9 |    18 |    13 |     5 ||    53
         Invisible         |       |       |       |     1 |       |       |     4 |       ||     5
         Confused          |       |       |       |       |    17 |     5 |    23 |     2 ||    47
 Armour: Skin              |    19 |    30 |    92 |   178 |   329 |   538 |   389 |   120 ||  1695
  Dodge: Dodged            |    16 |    40 |   128 |   371 |   684 |   881 |   682 |   225 ||  3027
  Block: Other             |       |       |     5 |    14 |       |       |       |       ||    19
         Buckler           |       |       |       |    77 |   342 |   249 |       |       ||   668
         Kite shield       |       |       |       |       |       |   411 |   889 |   325 ||  1625

Table legend: (Time is in decaauts)
 A = Elapsed time spent in this place.
 B = Non-inter-level travel time spent in this place.
 C = Inter-level travel time spent in this place.
 D = Time resting spent in this place.
 E = Time spent auto-exploring this place.
 F = Levels seen in this place.
 G = Mean time per level.
                   A        B        C        D        E       F      G
               +--------+--------+--------+--------+--------+-----+--------+
         Total |  56515 |  52157 |   4358 |  15433 |  10898 |  41 | 1378.4 |
       Dungeon |  16471 |  14147 |   2324 |   2199 |   4385 |  15 | 1098.1 |
        Temple |     46 |     24 |     22 |      0 |      0 |   1 |   46.0 |
          Lair |   6450 |   5707 |    743 |    744 |   1801 |   5 | 1290.0 |
        Shoals |   5695 |   5517 |    178 |   1987 |    806 |   4 | 1423.8 |
     Snake Pit |   6825 |   6672 |    153 |   3013 |    844 |   4 | 1706.2 |
  Orcish Mines |   2845 |   2795 |     50 |    981 |    227 |   2 | 1422.5 |
        Vaults |   8311 |   7520 |    791 |   2093 |   1911 |   4 | 2077.8 |
         Crypt |   5542 |   5448 |     94 |   2621 |    790 |   3 | 1847.3 |
      Ice Cave |    887 |    887 |      0 |    324 |     33 |   1 |  887.0 |
        Wizlab |   2454 |   2454 |      0 |    998 |    101 |   1 | 2454.0 |
      Gauntlet |    984 |    984 |      0 |    470 |      0 |   1 |  984.0 |
               +--------+--------+--------+--------+--------+-----+--------+

Top non-repeatable levels by time:
Vaults:3: 2624 daAuts
  WizLab: 2454 daAuts
Vaults:4: 2453 daAuts
 Snake:4: 2260 daAuts
 Crypt:3: 2075 daAuts
     D:8: 2024 daAuts
 Crypt:2: 2024 daAuts
    D:14: 2014 daAuts
  Lair:5: 2001 daAuts
 Snake:3: 1791 daAuts
Vaults:1: 1774 daAuts
Shoals:3: 1609 daAuts
   Orc:1: 1578 daAuts
Shoals:4: 1564 daAuts
Shoals:1: 1509 daAuts
